 Dungeon Crawl Stone Soup version 0.31-a0-229-g1fc7ce93e2 (webtiles) character file.

Game seed: 7630017101958957475

353 qw the Shooter (level 6, -5/38 HPs)
             Began as a Gargoyle Hexslinger on July 6, 2023.
             Killed by divine providence
             ... invoked by an orc priest
              (12 damage)
             ... on level 4 of the Dungeon.
             The game lasted 00:01:18 (2519 turns).

qw the Shooter (Gargoyle Hexslinger)                Turns: 2519, Time: 00:01:18

Health: -5/38      AC:  9    Str: 11    XL:     6   Next: 62%
Magic:  7/7        EV: 16    Int: 14    God:
Gold:   220        SH:  0    Dex: 14    Spells: 6/7 levels left

rFire   . . .        Y - +1 sling
rCold   . . .        (no shield)
rNeg    + . .        n - +0 leather armour
rPois   inf          b - +0 helmet
rElec   +            h - +0 cloak
rCorr   .            (no gloves)
SInv    .            (no boots)
Will    .....        j - amulet of faith
Stlth   +            i - +5 ring of evasion
HPRegen 0.26/turn    (no ring)
MPRegen 0.10/turn

%: faith
@: no status effects
A: sickness immunity, AC +4, negative energy resistance 1, electricity
resistance, torment resistance 1, petrification resistance
a: no special abilities


You were on level 4 of the Dungeon.
You visited 1 branch of the dungeon, and saw 4 of its levels.

You collected 220 gold pieces.


Innate Abilities, Weirdness & Mutations

You are immune to sickness and miasma.
Your stone body is resilient. (AC +4)
You are immune to poison.
You resist negative energy. (rN+)
You are resistant to electric shocks. (rElec)
You are resistant to unholy torment.
You are immune to petrification.


   Skills:
 - Level 4.0 Fighting
 + Level 5.6 Ranged Weapons
 - Level 1.0 Armour
 - Level 1.5 Dodging
 - Level 1.0 Spellcasting
 - Level 2.6 Hexes


You had 6 spell levels left.
You knew the following spells:

 Your Spells              Type           Power      Damage    Failure   Level
a - Slow                  Hex            32%        N/A       12%         1

Your spell library contained the following spells:

 Spells                   Type           Power      Damage    Failure   Level
 Inner Flame              Hex/Fire       4%         N/A       52%         3
 Portal Projectile        Hex/Tloc       8%         N/A       52%         3
 Cause Fear               Hex            4%         N/A       75%         4

Inventory:

Hand Weapons
 Y - a +1 sling (weapon)
Armour
 b - a +0 helmet (worn)
 h - a +0 cloak (worn)
 n - a +0 leather armour (worn)
Jewellery
 f - a ring of fire
 i - a +5 ring of evasion (left hand)
 j - an amulet of faith (around neck)
 l - a ring of fire
Scrolls
 e - a scroll of identify
 k - a scroll of fog {unknown}
Potions
 a - a potion of enlightenment
 c - a potion of mutation
 d - a potion of cancellation
 g - a potion of ambrosia {unknown}
 m - a potion of curing {unknown}

Dungeon Overview and Level Annotations

Branches:
Dungeon (4/15)
 Temple: D:4-7

Altars:
Vehumet

Annotations:
D:3 2 transporters, qw's ghost, amateur GrHs


Message History

The quokka closely misses you.
You shoot a sling bullet.
The sling bullet closely misses the hound.
You hear the brisk rusting of a very distant drain.
The quokka barely misses you. The hound bites you.
The orc priest invokes the aid of Beogh against you.
Beogh smites you! The quokka barely misses you.
The quokka completely misses you. The orc hits you but does no damage.
The hound bites you but does no damage.
You shoot a sling bullet.
The sling bullet barely misses the hound.
The quokka misses you. The hound barely misses you.
The quokka barely misses you. The orc closely misses you.
The orc priest calls down the wrath of Beogh upon you.
Beogh smites you! The quokka barely misses you.
You shoot a sling bullet. The sling bullet hits the hound.
The hound is severely wounded.
The hound misses you.
The quokka bites you but does no damage.
The quokka misses you. The hound misses you.
The orc hits you with a +0 short sword.
You shoot a sling bullet. The sling bullet misses the hound.
The quokka completely misses you. The hound barely misses you.
The quokka misses you. The orc hits you but does no damage.
An orc comes into view. It is wielding a +0 hand axe.
The quokka bites you but does no damage.
The hound closely misses you.
You shoot a sling bullet. The sling bullet misses the hound.
The orc shouts!
The quokka barely misses you. The hound bites you but does no damage.
The quokka misses you. The orc hits you but does no damage.
The orc priest looks encouraged for a moment.
The quokka closely misses you.
You shoot a sling bullet.
The sling bullet barely misses the hound.
The hound barely misses you. The quokka closely misses you.
The orc hits you with a +0 short sword.
The orc priest mumbles some strange prayers to Beogh against you.
Beogh smites you!
You die...

###..%..........#
#...%.%.......# ..
##............###.####
#....).......#.......
#.####.......#.......
#.# #.......#.<.....
#.####...)####g......
#...##)#### ##ho.....
#...#..# ####@ro..o..
##....##.....oro.....
#........#####o......
#......### .......
#...)..# .......
#......# #.#####
#......# .. #......#
.). #......#


You could see a hound, an orc priest, 5 orcs, 2 quokkas and a goblin.

Vanquished Creatures
  An ice beast (D:4)
  A phantom (D:4)
  A scorpion (D:3)
  4 adders
  A worm (D:2)
  2 dart slugs
  9 orcs
  5 bats
  7 endoplasms
  3 giant cockroaches
  9 goblins
  3 hobgoblins
  9 jackals
  10 kobolds
  3 quokkas
  4 ball pythons
  A frilled lizard (D:3)
  7 rats
80 creatures vanquished.

Notes
Turn   | Place    | Note
-------+----------+-------------------------------------------
     0 | D:1      | qw the Gargoyle Hexslinger began the quest for the Orb.
     0 | D:1      | Reached XP level 1. HP: 12/12 MP: 2/2
     0 | D:1      | 0 ||| qw: Version: 0.3-a-46-gb1f654a
     0 | D:1      | 0 ||| qw: Game counter: 1548
     0 | D:1      | 0 ||| qw: Melee chars always use a shield: true
     0 | D:1      | 0 ||| qw: God list: Okawaru
     0 | D:1      | 0 ||| qw: Allow faded altars: false
     0 | D:1      | 0 ||| qw: Do Orc after clearing Dungeon:15 true
     0 | D:1      | 0 ||| qw: Do second Lair branch before Depths: true
     0 | D:1      | 0 ||| qw: Lair rune preference: random
     0 | D:1      | 0 ||| qw: Goals: Normal
     0 | D:1      | 0 ||| PLANNING D:1-11
   118 | D:1      | Reached XP level 2. HP: 15/16 MP: 3/3
   223 | D:1      | Reached skill level 3 in Ranged Weapons
   555 | D:1      | Reached XP level 3. HP: 21/21 MP: 4/4
   839 | D:1      | 839 ||| UPGRADING to +0 cloak.
   844 | D:1      | 844 ||| UPGRADING to amulet of faith.
   849 | D:1      | 849 ||| READING scroll labelled IVVAWA SYUSK.
   850 | D:1      | 850 ||| READING scroll labelled CIDENG ECSAWOM.
   951 | D:1      | 951 ||| DROPPING scroll of poison.
  1018 | D:2      | Found a faded altar of an unknown god.
  1581 | D:2      | 1581 ||| UPGRADING to +0 helmet.
  1586 | D:2      | 1586 ||| UPGRADING to +0 leather armour.
  1596 | D:2      | 1596 ||| DROPPING +0 robe.
  1597 | D:2      | 1597 ||| DROPPING amulet of guardian spirit.
  1598 | D:2      | 1598 ||| READING scroll labelled MEOLAO VELEI.
  1599 | D:2      | 1599 ||| READING scroll labelled VOSKUOXIOZAKE.
  1603 | D:2      | 1603 ||| READING scroll labelled BUUBIS MUPA.
  1604 | D:2      | 1604 ||| READING 2 scrolls of identify.
  1604 | D:2      | 1604 ||| IDENTIFYING red potion
  1621 | D:3      | 1621 ||| STAIRDANCE
  1646 | D:3      | 1646 ||| STAIRDANCE
  1656 | D:2      | Reached XP level 4. HP: 17/26 MP: 5/5
  1695 | D:3      | 1695 ||| STAIRDANCE
  1735 | D:3      | Reached skill level 4 in Ranged Weapons
  1788 | D:3      | Identified the +4 spear of Floods {flame, Str+3}
  1797 | D:3      | Found a transporter.
  1800 | D:3      | Noticed qw's ghost (amateur GrHs)
  1802 | D:3      | Found a transporter.
  2192 | D:3      | 2192 ||| UPGRADING to +5 ring of evasion.
  2193 | D:3      | 2193 ||| READING 3 scrolls labelled ROSCHO IXZISIPS.
  2194 | D:3      | 2194 ||| DRINKING 2 fuming amethyst potions.
  2195 | D:3      | 2195 ||| READING 2 scrolls of identify.
  2195 | D:3      | 2195 ||| IDENTIFYING fizzy amethyst potion
  2196 | D:3      | 2196 ||| DROPPING 2 scrolls of immolation.
  2209 | D:4      | Noticed a scorpion
  2210 | D:4      | 2210 ||| PLANNING SEWER
  2216 | D:4      | 2216 ||| STAIRDANCE
  2222 | D:3      | Killed a scorpion
  2223 | D:3      | Reached skill level 5 in Ranged Weapons
  2223 | D:3      | Reached XP level 5. HP: 16/30 MP: 6/6
  2292 | D:4      | Found a radiant altar of Vehumet.
  2413 | D:4      | Noticed an ice beast
  2434 | D:4      | Killed an ice beast
  2435 | D:4      | Reached XP level 6. HP: 29/38 MP: 7/7
  2444 | D:4      | 2444 ||| FLEEEEING.
  2445 | D:4      | 2445 ||| FLEEEEING.
  2478 | D:4      | Reached skill level 1 in Armour
  2516 | D:4      | HP: 9/38 [orc/+0 short sword (1)]
  2519 | D:4      | Killed from afar by an orc priest

Levels and vault maps discovered:
D:1:      mainiacjoe_arrival_reflecting_pool, layout_basic
D:2:      layout_basic, shapermc_ecumenical_altar_starsandcircs,
          dreamdust_princess_corridor
D:3:      layout_rooms, gammafunk_ghost_arena
D:4:      layout_rooms, kennysheep_okawaru_gauntlet, amcnicky_altar_gilded,
          portal_sewer_entry_f, lexackson_kobold_supper

Skill      XL: |  1  2  3  4  5  6 |
---------------+-------------------+-----
Ranged Weapons | 3 5 |  5.6
Fighting       | 2 4 |  4.0
Armour         | 1 |  1.0
Dodging        | |  1.5
Spellcasting   | |  1.0
Hexes          | |  2.6

Action                     |  1- 3 |  4- 6 || total
---------------------------+-------+-------++-------
   Fire: Sling             |   166 |   171 ||   337
    Use: Scroll            |     6 |     2 ||     8
         Potion            |       |     1 ||     1
 Armour: Robe              |    21 |       ||    21
         Leather armour    |    22 |    37 ||    59
  Dodge: Dodged            |    77 |    78 ||   155

Table legend:
 A = Non-vault XP
 B = Vault XP
 C = Vault XP percentage of total XP
 D = Non-vault monster count
 E = Vault monster count
 F = Vault count percentage of total count
                 A         B        C        D         E       F
            +---------+---------+-------+---------+---------+-------
      Total |     499 |       6 |   1.2 |      77 |       3 |   3.8
            +---------+---------+-------+---------+---------+-------
        D:1 |      40 |       0 |   0.0 |      23 |       0 |   0.0
        D:2 |      44 |       0 |   0.0 |      19 |       0 |   0.0
        D:3 |     133 |       0 |   0.0 |      22 |       0 |   0.0
        D:4 |     282 |       6 |   2.1 |      13 |       3 |  18.8
            +---------+---------+-------+---------+---------+-------
